 Dungeon Crawl Stone Soup version 0.31-a0-460-g9e667d4245 (webtiles) character file.

Game seed: 6121136510989440493

165 pascalblue the Conjurer (level 5, 0/28 HPs)
             Began as a Deep Elf Conjurer on Aug 4, 2023.
             Succumbed to a scorpion's poison
             ... on level 4 of the Dungeon.
             The game lasted 00:05:35 (3065 turns).

pascalblue the Conjurer (Deep Elf Conjurer)         Turns: 3065, Time: 00:05:35

Health: 0/28       AC:  2    Str:  4    XL:     5   Next: 21%
Magic:  1/14       EV: 12    Int: 25    God:
Gold:   128        SH:  0    Dex: 13    Spells: 10/13 levels left

rFire   . . .        (no weapon)
rCold   . . .        (no shield)
rNeg    . . .        a - +0 robe
rPois   .            (no helmet)
rElec   .            (no cloak)
rCorr   .            (no gloves)
SInv    .            (no boots)
Will    .....        (no amulet)
Stlth   ++           (no ring)
HPRegen 0.24/turn    (no ring)
MPRegen 0.14/turn

%: no passive effects
@: mighty, lethally poisoned (0 -> -5)
A: no striking features
a: no special abilities


You were on level 4 of the Dungeon.
You visited 1 branch of the dungeon, and saw 4 of its levels.

You collected 128 gold pieces.

Inventory:

Armour
 a - a +0 robe (worn)
 i - the +1 ring mail of Nuq Bapu {+Blink Fly rF+ Regen+}
   (You found it on level 2 of the Dungeon)

   rF:        It protects you from fire.
   Fly:       It grants you flight.
   +Blink:    It lets you blink.
   Regen:     It increases your rate of health regeneration.
Scrolls
 c - a scroll of revelation
 f - a scroll of acquirement {unknown}
 g - a scroll of teleportation {unknown}
 j - a scroll of amnesia {unknown}
 l - a scroll of vulnerability {unknown}
 m - a scroll of blinking {unknown}
Potions
 b - a potion of magic
 e - a potion of mutation {unknown}
 h - 2 potions of curing {unknown}
 k - 2 potions of enlightenment {unknown}


   Skills:
 - Level 2.4 Dodging
 - Level 2.4 Stealth
 + Level 4.8 Spellcasting
 * Level 6.4 Conjurations


You had 10 spell levels left.
You knew the following spells:

 Your Spells              Type           Power      Damage    Failure   Level
a - Magic Dart            Conj           100%       1d8       1%          1
b - Searing Ray           Conj           76%        2d7       1%          2

Your spell library contained the following spells:

 Spells                   Type           Power      Damage    Failure   Level
 Dazzling Flash           Conj/Hex       44%        N/A       7%          3
 Fulminant Prism          Conj/Hex       11%        3d8       22%         4
 Iskenderun's Mystic Bla  Conj/Tloc      22%        2d6       22%         4
 Agony                    Necr           6%         N/A       93%         5
 Silence                  Hex/Air        3%         N/A       93%         5


Dungeon Overview and Level Annotations

Branches:
Dungeon (4/15)
 Temple: D:4-7

Altars:


Message History

You feel sick. The scorpion completely misses you.
The goblin completely misses you.
The searing ray hits the scorpion!
The scorpion is severely wounded.
You finish channelling your searing ray.
You feel sick. The scorpion closely misses you. The goblin barely misses you.
Casting: Searing Ray (safe; 1% risk of failure)
Confirm with . or Enter, or press ? or * to list all spells.
You don't have enough magic to cast this spell.
Okay, then.
Casting: Searing Ray (safe; 1% risk of failure)
Confirm with . or Enter, or press ? or * to list all spells.
Aiming: Magic Dart (safe; 1% risk of failure)
Press: ? - help, Shift-Dir - straight line, f/p - scorpion
Aim: a scorpion (severely wounded, 100% to hit)
The magic dart hits the scorpion but does no damage.
The scorpion is severely wounded.
You feel sick. The scorpion barely misses you.
The goblin hits you with a +0 club. The goblin attacks as you move away!
The goblin closely misses you.
You feel sick. The scorpion barely misses you.
You feel sick.
You feel sick.
You feel sick.
You are no longer poisoned.
The scorpion attacks as you move away! The scorpion stings you!
* * * LOW HITPOINT WARNING * * *
You are lethally poisoned!
The scorpion poisons you!
* * * LOW HITPOINT WARNING * * *
You feel sick.
Casting: Magic Dart (safe; 1% risk of failure)
Confirm with . or Enter, or press ? or * to list all spells.
Aiming: Magic Dart (safe; 1% risk of failure)
Press: ? - help, Shift-Dir - straight line, f/p - scorpion
Aim: a scorpion (severely wounded, 100% to hit)
Okay, then.
It was a potion of might.
You feel very mighty all of a sudden.
You die...

*** ##.## ###*** *#####...###
#..... *****..........#
#.#### *,,,,..........#####
#.####
*,***,#...=........#####.##.#
*,* *,*#.........#.##........
*,* *,*##......#.#....[......
*,* *,*#....@#.#.####.##.#...
*,***..#.#..s.#...###.##.##†.
*,,,,.......g##.......##.###.
***,*######...#...######.###.
*****,,*~~~~~#..#.#.## #.....
*,,,,,,*~~∩~~#....#.# #####.
*,***,,*~~~~~#..###.# ####.
*,* **,*~~~~~#...*#.#*****
####. *,*
*,****+*#...,...,,,,* ##...


You could see a scorpion and a goblin.

Vanquished Creatures
  A howler monkey (D:4)
  A hound (D:4)
  3 adders
  A worm (D:4)
  A dart slug (D:1)
  5 orcs (D:3)
  5 ball pythons
  3 bats
  3 endoplasms
  A giant cockroach (D:1)
  5 hobgoblins
  4 jackals (D:2)
  5 quokkas
  2 frilled lizards (D:3)
  6 goblins
  2 kobolds
  5 rats
53 creatures vanquished.

Notes
Turn   | Place    | Note
-------+----------+-------------------------------------------
     0 | D:1      | pascalblue the Deep Elf Conjurer began the quest for the
                  | Orb.
     0 | D:1      | Reached XP level 1. HP: 10/10 MP: 6/6
   317 | D:1      | Reached XP level 2. HP: 15/15 MP: 4/8
   366 | D:1      | Learned a level 2 spell: Searing Ray
   546 | D:1      | Reached skill level 5 in Conjurations
   619 | D:1      | Found a faded altar of an unknown god.
   983 | D:2      | Reached XP level 3. HP: 19/19 MP: 7/10
  1158 | D:2      | Identified the +1 ring mail of Nuq Bapu {+Blink Fly rF+
                  | Regen+}
  2680 | D:3      | Reached XP level 4. HP: 24/24 MP: 8/12
  3024 | D:4      | Reached skill level 6 in Conjurations
  3027 | D:4      | Reached XP level 5. HP: 28/28 MP: 4/14
  3064 | D:4      | HP: 1/28 [poisoned by a scorpion]
  3065 | D:4      | Succumbed to a scorpion's poison

Illustrated notes

Levels and vault maps discovered:
D:1:      dpeg_arrival_pits, layout_basic, shapermc_ecumenical_altar_acropolis
D:2:      layout_loops_corners, serial_forest, infiniplex_forest_lined_1,
          infiniplex_forest_lined_room_3, infiniplex_forest_clump_small,
          infiniplex_forest_lined_2, infiniplex_forest_clump_small,
          infiniplex_forest_lined_3_way
D:3:      layout_rooms, serial_co_window_serial, co_window_paths_a,
          co_window_of_opportunity_a, co_window_corner_a, co_window_paths_a,
          co_window_paths_b, co_window_paths_a, co_window_corner_a,
          co_window_corner_a, co_window_paths_a, co_window_2corner,
          co_window_broadway_a, co_window_broadway_a, glass_columns_c,
          glass_columns_a
D:4:      layout_loops_ring, okawaru_metal_pillars_3, portal_sewer_entry_c,
          minmay_quantized

Skill      XL: |  1  2  3  4 |
---------------+-------------+-----
Conjurations   | 5 6 |  6.4
Spellcasting   | 4 |  4.8
Dodging        | |  2.4
Stealth        | |  2.4

Action                     |  1- 3 |  4- 6 || total
---------------------------+-------+-------++-------
  Melee: Unarmed           |     6 |       ||     6
   Cast: Magic Dart        |    79 |    18 ||    97
         Searing Ray       |     1 |     4 ||     5
    Use: Scroll            |       |     1 ||     1
         Potion            |       |     1 ||     1
 Armour: Robe              |     3 |     1 ||     4
  Dodge: Dodged            |     9 |    11 ||    20

Table legend: (Time is in decaauts)
 A = Elapsed time spent in this place.
 B = Non-inter-level travel time spent in this place.
 C = Inter-level travel time spent in this place.
 D = Time resting spent in this place.
 E = Time spent auto-exploring this place.
 F = Levels seen in this place.
 G = Mean time per level.
                   A        B        C        D        E       F      G
               +--------+--------+--------+--------+--------+-----+--------+
         Total |   3064 |   2979 |     85 |      0 |   2708 |   4 |  766.0 |
       Dungeon |   3064 |   2979 |     85 |      0 |   2708 |   4 |  766.0 |
               +--------+--------+--------+--------+--------+-----+--------+

Top non-repeatable levels by time:
     D:2: 1155 daAuts
     D:3: 1011 daAuts
     D:1: 852 daAuts
     D:4: 44 daAuts
